 Dungeon Crawl Stone Soup version 0.31-a0-431-g88bdf31460 (webtiles) character file.

Game seed: 18125744968341622110

283 Shard1697 the Chopper (level 6, -3/52 HPs)
             Began as a Naga Gladiator on Aug 1, 2023.
             Was an Initiate of Ru.
             Slain by Grinder (8 damage)
             ... on level 3 of the Dungeon.
             The game lasted 00:03:39 (2965 turns).

Shard1697 the Chopper (Naga Gladiator)              Turns: 2965, Time: 00:03:40

Health: -3/52      AC:  7    Str: 17 (19) XL:     6   Next: 28%
Magic:  6/6        EV:  8    Int:  7 (8)  God:    Ru [......]
Gold:   231        SH:  0    Dex: 11 (12) Spells: 5/5 levels left

rFire   . . .        a - +0 war axe
rCold   . . .        (no shield)
rNeg    . . .        g - +0 scale mail
rPois   +            c - +0 helmet
rElec   .            (no cloak)
rCorr   +            p - +0 pair of gloves
SInv    +            (no barding)
Will    .....        (no amulet) Stlth
                     n - ring of resist corrosion
HPRegen 0.28/turn    (no ring)
MPRegen 0.10/turn

%: no passive effects
@: attractive, very slow
A: AC +2, large, see invisible, deformed body, poison resistance, slowness 2,
spit poison 1, naga tail 1
a: Spit Poison, Renounce Religion


You were on level 3 of the Dungeon.
You worshipped Ru.
Ru was noncommittal.
You visited 1 branch of the dungeon, and saw 3 of its levels.

You collected 231 gold pieces.

Inventory:

Hand Weapons
 a - a +0 war axe (weapon)
Missiles
 e - a javelin
Armour
 b - a +0 chain mail
 c - a +0 helmet (worn)
 g - a +0 scale mail (worn)
 p - a +0 pair of gloves (worn)
Jewellery
 n - a ring of resist corrosion (left hand)
Wands
 j - a wand of charming (9)
 m - a wand of digging (1)
Scrolls
 f - a scroll of teleportation {unknown}
 i - a scroll of noise {unknown}
 k - 2 scrolls of identify {unknown}
 l - a scroll of fear {unknown}
Potions
 h - a potion of might
 o - 2 potions of curing


   Skills:
 - Level 2.0 Fighting
 + Level 6.9 Axes
 - Level 1.7 Throwing
 - Level 2.4 Dodging


You had 5 spell levels left.
You didn't know any spells.
Your spell library contained the following spells:

 Spells                   Type           Power      Damage    Failure   Level
 Freeze                   Ice            0%         1d3       86%         1
 Frozen Ramparts          Ice            0%         1d1       99%         3
 Hailstorm                Conj/Ice       0%         3d3       99%         3
 Ozocubu's Armour         Ice            0%         N/A       99%         3
 Ozocubu's Refrigeration  Ice            0%         4d7       100%        7


Dungeon Overview and Level Annotations

Branches:
Dungeon (3/15)

Altars:
Ru

Annotations:
D:3 Grinder


Innate Abilities, Weirdness & Mutations

Your serpentine skin is tough. (AC +2)
You have supernaturally acute eyesight. (SInv)
Armour fits poorly on your strangely shaped body.
Your system is resistant to poisons. (rPois)
You cover ground very slowly.
You can spit poison.
You have a snake-like lower body.


Message History

Aim: Grinder (moderately wounded, 47% to hit)
You throw a throwing net. The throwing net hits Grinder.
Grinder is caught in the net!
Grinder is moderately wounded.
Grinder struggles against the net.
You barely miss Grinder.
Grinder is moderately wounded.
Grinder struggles against the net.
Grinder blinks!
Grinder is attracted toward you.
You slash Grinder!
Grinder is severely wounded.
You hit Grinder.
Grinder is severely wounded.
Grinder closely misses you.
You barely miss Grinder.
Grinder is severely wounded.
Grinder gestures at you.
You struggle to resist.
You barely miss Grinder.
Grinder is severely wounded.
Grinder closely misses you.
You slash Grinder!
Grinder is almost dead.
Grinder blinks!
Grinder is attracted toward you.
You hit Grinder but do no damage.
Grinder is almost dead.
Grinder gestures at you.
You suddenly lose the ability to move!
Grinder hits you.
You writhe in agony.
Grinder hits you but does no damage. Grinder hits you.
You writhe in agony.
Grinder gestures at you. Pain shoots through your body!
* * * LOW HITPOINT WARNING * * *
You can move again.
You completely miss Grinder.
Grinder is almost dead.
Grinder says, "Mostly I couldn't keep them alive."
Grinder hits you!
You die...

#.# ##...##
#.###.....##
#.##.......#
#[(.........
#.####...##.
#######...........
#.......#####.###.
#.####### #.# #.
#@# #.# ## #5# #.#
#.# .# #.. #..
#..# #!.# #..#


You could see Grinder.

Vanquished Creatures
  An orc priest (D:3)
  Jessica (D:2)
  Robin (D:2)
  10 gnolls
  3 adders (D:3)
  3 worms (D:2)
  4 orcs (D:3)
  5 endoplasms
  3 giant cockroaches
  7 hobgoblins
  3 jackals (D:1)
  5 kobolds
  3 quokkas
  9 ball pythons
  11 bats
  2 frilled lizards (D:3)
  15 goblins
  3 rats
89 creatures vanquished.

Notes
Turn   | Place    | Note
-------+----------+-------------------------------------------
     0 | D:1      | Shard1697 the Naga Gladiator began the quest for the Orb.
     0 | D:1      | Reached XP level 1. HP: 19/19 MP: 1/1
   316 | D:1      | Reached XP level 2. HP: 24/26 MP: 2/2
   417 | D:1      | Reached skill level 4 in Axes
   468 | D:1      | Found a faded altar of an unknown god.
   669 | D:1      | Reached XP level 3. HP: 32/32 MP: 3/3
  1281 | D:2      | Reached XP level 4. HP: 14/39 MP: 4/4
  1284 | D:2      | Reached skill level 5 in Axes
  1385 | D:2      | Noticed Robin
  1408 | D:2      | Killed Robin
  1524 | D:2      | Found a sacrificial altar of Ru.
  1685 | D:3      | Reached XP level 5. HP: 45/45 MP: 5/5
  1792 | D:3      | Reached skill level 6 in Axes
  2348 | D:2      | Reached XP level 6. HP: 50/52 MP: 6/6
  2423 | D:2      | Noticed Jessica
  2428 | D:2      | Killed Jessica
  2832 | D:2      | Became a worshipper of Ru the Awakened
  2931 | D:3      | Identified the +0 ring mail of Acij {Int+4}
  2939 | D:3      | Noticed Grinder
  2942 | D:3      | Paralysed by Grinder for 4 turns
  2960 | D:3      | Paralysed by Grinder for 5 turns
  2965 | D:3      | Slain by Grinder

Illustrated notes

Levels and vault maps discovered:
D:1:      psy_arrival_radial01, layout_basic, hellmonk_ecumenical_altar_blasted,
          feat_on_display
D:2:      layout_basic, basic_altar, nicolae_twisty_statue_hallways, uniq_robin,
          uniq_jessica
D:3:      layout_loops_ring, uniq_grinder

Skill      XL: |  1  2  3  4  5 |
---------------+----------------+-----
Axes           | 4 5 6 |  6.9
Fighting       | |  2.0
Throwing       | |  1.7
Dodging        | |  2.4

Action                     |  1- 3 |  4- 6 || total
---------------------------+-------+-------++-------
  Melee: War axe           |    87 |   168 ||   255
  Throw: Throwing net      |     2 |     2 ||     4
Ability: Spit Poison       |     2 |     2 ||     4
    Use: Scroll            |     2 |       ||     2
         Potion            |       |     5 ||     5
 Armour: Scale mail        |    40 |    86 ||   126
  Dodge: Dodged            |    43 |    95 ||   138

Table legend: (Time is in decaauts)
 A = Elapsed time spent in this place.
 B = Non-inter-level travel time spent in this place.
 C = Inter-level travel time spent in this place.
 D = Time resting spent in this place.
 E = Time spent auto-exploring this place.
 F = Levels seen in this place.
 G = Mean time per level.
                   A        B        C        D        E       F      G
               +--------+--------+--------+--------+--------+-----+--------+
         Total |   3706 |   3662 |     44 |    422 |   2448 |   3 | 1235.3 |
       Dungeon |   3706 |   3662 |     44 |    422 |   2448 |   3 | 1235.3 |
               +--------+--------+--------+--------+--------+-----+--------+

Top non-repeatable levels by time:
     D:1: 1375 daAuts
     D:2: 1331 daAuts
     D:3: 999 daAuts
